 Dungeon Crawl Stone Soup version 0.27-a0-34-gc18c9092ac (webtiles) character file.

Game seed: 4537837177932918358

7324 hehateme the Basher (level 11, -2/72 HPs)
             Began as a Kobold Gladiator on Jan 5, 2021.
             Was an Initiate of Gozag.
             Slain by a komodo dragon (16 damage)
             ... on level 8 of the Dungeon.
             The game lasted 00:30:55 (20674 turns).

hehateme the Basher (Kobold Gladiator)             Turns: 20674, Time: 00:30:55

Health: -2/72      AC: 20    Str: 15    XL:     11   Next: 35%
Magic:  11/11      EV:  5    Int: 10    God:    Gozag
Gold:   374        SH:  9    Dex: 16    Spells: 10/10 levels left

rFire    . . .     SeeInvis .   i - +0 morningstar
rCold    . . .     Faith    .   R - +0 kite shield {rPois}
rNeg     . . .     Spirit   .   G - +0 plate armour (curse)
rPois    +         Reflect  .   c - +1 helmet
rElec    .         Harm     .   O - +2 cloak
rCorr    .         Rampage  .   w - +0 pair of gloves
Will     .....                  b - +0 pair of boots
Stlth    ..........             (no amulet)
HPRegen  0.22/turn              (no ring)
MPRegen  0.12/turn              (no ring)

@: very slightly contaminated, invisible
A: small, nightstalker 3
a: Renounce Religion, Potion Petition, Call Merchant, Bribe Branch


You were on level 8 of the Dungeon.
You worshipped Gozag.
Gozag was aware of your devotion.
You visited 3 branches of the dungeon, and saw 13 of its levels.
You also visited: Ossuary.

You collected 1686 gold pieces.
You spent 304 gold pieces at shops.
You paid 1008 gold pieces to Gozag.

Inventory:

Hand Weapons
 a - a +1 flail
 i - a +0 morningstar (weapon)
 y - the cursed +0 short sword "Acierit" {vamp, +Fly rElec Dex-4, unknown}
   (You found it on level 5 of the Dungeon)

   It inflicts no extra harm, but heals its wielder when it wounds a living foe.
   It affects your dexterity (-4).
   It insulates you from electricity.
   It lets you fly.
   It has a curse placed upon it.
 T - a +2 flail of protection
 V - the cursed +0 trident of the Desert {venom, Dex+2 SInv, unknown}
   (You found it on level 10 of the Dungeon)

   It poisons the flesh of those it strikes.
   It affects your dexterity (+2).
   It lets you see invisible.
   It has a curse placed upon it.
Missiles
 d - 223 arrows
 h - 72 sling bullets
 q - 224 stones (quivered)
 u - 8 boomerangs
 E - 6 javelins
 M - 18 poisoned darts
 N - a throwing net {=f}
 P - 5 atropa-tipped darts
 Q - 28 bolts
Armour
 b - a +0 pair of boots (worn)
 c - a +1 helmet (worn)
 s - a +0 chain mail
 w - a +0 pair of gloves (worn)
 G - a cursed +0 plate armour (worn)
 O - a +2 cloak (worn)
 R - a +0 kite shield of poison resistance (worn)
Jewellery
 e - a +6 ring of strength {unknown}
 m - the ring of the Two Names {rPois Str+4}
   (You took it off a gnoll on level 8 of the Dungeon)

   [ring of poison resistance]

   It affects your strength (+4).
   It protects you from poison.
 z - the cursed ring "Sefifib" {*Contam rPois rF++ EV-4 Int-5, unknown}
   (You found it on level 5 of the Dungeon)

   [ring of evasion]

   It affects your evasion (-4).
   It affects your intelligence (-5).
   It greatly protects you from fire.
   It protects you from poison.
   It causes magical contamination when unequipped.
   It has a curse placed upon it.
 W - an uncursed ring of poison resistance {unknown}
Wands
 f - a wand of flame (2)
 X - a wand of iceblast (9)
Scrolls
 k - a scroll of fog {unknown}
 o - 6 scrolls of remove curse
 t - a scroll of teleportation
 v - 2 scrolls of enchant armour
 B - 2 scrolls of immolation {unknown}
 H - 2 scrolls of fear {unknown}
 I - 2 scrolls of enchant weapon
 J - a scroll of brand weapon {unknown}
 K - a scroll of blinking {!r}
 S - a scroll of magic mapping {unknown}
 U - 2 scrolls of amnesia {unknown}
Potions
 g - a potion of might {unknown}
 j - 2 potions of attraction {!q}
 l - 4 potions of mutation {!q}
 n - 5 potions of curing
 p - 2 potions of brilliance
 r - a potion of cancellation
 x - 2 potions of invisibility
 A - 3 potions of lignification {!q}
 C - 3 potions of flight
 L - a potion of berserk rage {unknown}


   Skills:
 + Level 9.8 Fighting
 * Level 11.5 Maces & Flails
 - Level 2.1 Throwing
 + Level 5.1 Armour
 - Level 3.6 Dodging
 + Level 2.7 Shields


You had 10 spell levels left.
You didn't know any spells.
Your spell library contained the following spells:

 Spells                   Type           Power        Failure   Level
 Corona                   Hex            0%           100%        1
 Magic Dart               Conj           0%           100%        1
 Blink                    Tloc           N/A          100%        2
 Call Imp                 Summ           0%           100%        2
 Slow                     Hex            0%           100%        2
 Confusing Touch          Hex            0%           100%        3
 Conjure Flame            Conj/Fire      0%           100%        3
 Gell's Gravitas          Tloc           0%           100%        3
 Inner Flame              Hex/Fire       0%           100%        3
 Mephitic Cloud           Conj/Pois/Air  0%           100%        3
 Portal Projectile        Hex/Tloc       0%           100%        3
 Cause Fear               Hex            0%           100%        4
 Leda's Liquefaction      Hex/Erth       0%           100%        4
 Petrify                  Tmut/Erth      0%           100%        4
 Metabolic Englaciation   Hex/Ice        0%           100%        5
 Yara's Violent Unravell  Hex/Tmut       0%           100%        5


Dungeon Overview and Level Annotations

Branches:
Dungeon (11/15)            Temple (1/1) D:7            Lair (1/6) D:8
    Orc (0/2) D:9         Ossuary (visited)

Altars:
Ashenzari
Cheibriados
Dithmenos
Elyvilon
Fedhas
Gozag
Hepliaklqana
Kikubaaqudgha
Makhleb
Nemelex Xobeh
Okawaru
Qazlal
Ru
Sif Muna
Trog
Uskayaw
Vehumet
Wu Jian
Xom
Yredelemnul
Zin
The Shining One

Shops:
D:8 *   D:9 (?}[

Annotations:
D:6 1 runed translucent door, Crazy Yiuf
D:8 exclusion: 5 doors
D:10 1 runed translucent door, exclusion: door


Innate Abilities, Weirdness & Mutations

You are small and have problems with some larger weapons.
You are completely attuned to the shadows.


Message History

You feel better. The komodo dragon bites you!!
* * * LOW HITPOINT WARNING * * *
You take 12 damage, and have 4/72 hp.
You feel better. The komodo dragon barely misses you.
You regained 9 hp, and now have 13/72 hp.
You fade into invisibility!
The komodo dragon barely misses you.
You are very lightly contaminated with residual magic.
You closely miss the komodo dragon.
The komodo dragon completely misses you.
You block the komodo dragon's attack.
Your plate armour prevents you from hitting the komodo dragon.
The komodo dragon hisses menacingly.
You block the komodo dragon's attack.
You hit the komodo dragon. You block the komodo dragon's attack.
You completely miss the komodo dragon. The komodo dragon barely misses you.
You hit the komodo dragon but do no damage.
The komodo dragon bites you!
You die...
Your body crumbles into a pile of gold.

##.# ##..###.........
#..###...............
#.................##.
##......###.......#..
##....####..........
#......##...........
##.....#............
#.###..............
#l@####.#....######
#### ##.#....#.....
#.......'.≈≈≈≈
#...#...#.....
##[..#..######
##...#........
##.............
#..............
##[.......#....

Skill      XL: |  1  2  3  4  5  6  7  8  9 10 11 |
---------------+----------------------------------+-----
Maces & Flails | 3 4 5 6 8 9 11 | 11.5
Fighting       | 3 4 5 6 8 9 |  9.8
Armour         | 2 4 5 |  5.1
Shields        | 1 2 |  2.7
Throwing       | |  2.1
Dodging        | |  3.6

Notes
Turn   | Place    | Note
-------+----------+-------------------------------------------
     0 | D:1      | hehateme the Kobold Gladiator began the quest for the Orb.
     0 | D:1      | Reached XP level 1. HP: 12/12 MP: 1/1
   249 | D:1      | Reached skill level 3 in Maces & Flails
   249 | D:1      | Reached XP level 2. HP: 18/18 MP: 2/2
   741 | D:1      | Reached XP level 3. HP: 22/22 MP: 3/3
  1551 | D:2      | Reached skill level 3 in Fighting
  1553 | D:2      | Found a white marble altar of Elyvilon.
  1733 | D:2      | Reached XP level 4. HP: 25/28 MP: 4/4
  1865 | D:2      | Reached skill level 4 in Maces & Flails
  2305 | D:2      | Reached XP level 5. HP: 20/32 MP: 5/5
  2743 | D:3      | HP: 8/32 [worker ant (3)]
  2919 | D:3      | Found a shimmering blue altar of Sif Muna.
  3291 | D:2      | Reached skill level 4 in Fighting
  3291 | D:2      | Reached XP level 6. HP: 26/38 MP: 6/6
  3408 | D:2      | Reached skill level 5 in Maces & Flails
  4317 | D:4      | Found a sand-covered staircase.
  4323 | Ossuary  | Entered an ossuary
  4493 | Ossuary  | Reached XP level 7. HP: 38/44 MP: 7/7
  4777 | D:4      | Reached skill level 6 in Maces & Flails
  5640 | D:4      | Reached skill level 5 in Fighting
  5880 | D:4      | Found a broken altar of Ashenzari.
  5883 | D:4      | Found a snail-covered altar of Cheibriados.
  5886 | D:4      | Found a shimmering altar of Xom.
  6346 | D:4      | Reached XP level 8. HP: 50/50 MP: 8/8
  6468 | D:5      | Entered Level 5 of the Dungeon
  6645 | D:4      | Reached skill level 7 in Maces & Flails
  6788 | D:5      | Reached skill level 6 in Fighting
  7658 | D:5      | Got a smoking short sword
  7674 | D:5      | Got a clouded silver ring
  8114 | D:5      | Found a sparkling altar of Nemelex Xobeh.
  8114 | D:5      | Found an opulent altar of Gozag.
  8202 | D:5      | Reached skill level 8 in Maces & Flails
  8336 | D:6      | Found an ornate altar of the Wu Jian Council.
  8386 | D:6      | Found an ornate altar of the Wu Jian Council.
  8523 | D:6      | Found a runed translucent door.
  8526 | D:6      | Noticed Crazy Yiuf
  8706 | D:6      | Found a glowing silver altar of Zin.
  8764 | D:6      | Found an ancient bone altar of Kikubaaqudgha.
  8779 | D:6      | Noticed Grinder
  8867 | D:5      | HP: 12/52 [ogre/+0 giant spiked club (26)]
  9168 | D:6      | Killed Grinder
  9169 | D:6      | Reached XP level 9. HP: 39/56 MP: 9/9
  9596 | D:6      | Reached skill level 7 in Fighting
 10034 | D:7      | Reached skill level 1 in Armour
 10196 | D:7      | Found a burning altar of Makhleb.
 10253 | D:7      | Reached skill level 9 in Maces & Flails
 10289 | D:7      | HP: 7/57 [orc warrior/+2 mace of holy wrath (11)]
 10956 | D:7      | HP: 11/57 [orc warrior/+2 mace of holy wrath (5)]
 10958 | D:7      | Reached skill level 2 in Armour
 11266 | D:7      | Found a staircase to the Ecumenical Temple.
 11273 | Temple   | Entered the Ecumenical Temple
 12282 | D:7      | HP: 12/59 [ogre/+0 giant spiked club (25)]
 13340 | D:8      | Reached skill level 8 in Fighting
 13493 | D:8      | Reached XP level 10. HP: 53/64 MP: 10/10
 13537 | D:7      | Reached skill level 3 in Armour
 13589 | D:8      | Found Viufiplo's General Store.
 13594 | D:8      | Bought a scroll of teleportation for 45 gold pieces
 13719 | D:5      | Became a worshipper of Gozag Ym Sagoz the Greedy
 13902 | D:8      | Noticed a gargoyle
 13904 | D:8      | Killed a gargoyle
 13905 | D:8      | Reached skill level 10 in Maces & Flails
 13962 | D:8      | Noticed a gargoyle
 13968 | D:8      | Killed a gargoyle
 14027 | D:8      | Noticed a gargoyle
 14036 | D:8      | Killed a gargoyle
 14517 | D:8      | Found a staircase to the Lair.
 14611 | D:9      | Found Odikluy's Gadget Boutique.
 14900 | D:9      | Reached skill level 4 in Armour
 14929 | D:9      | Identified the ring of the Two Names {rPois Str+4}
 15112 | D:8      | Reached skill level 9 in Fighting
 15410 | D:9      | Found a hide-covered altar of Uskayaw.
 15413 | D:9      | Noticed a +0 hand axe
 15413 | D:9      | Noticed a +0 dagger
 15443 | D:9      | Found Geclejahy's Armour Shop.
 15448 | D:9      | Bought a +0 kite shield of poison resistance for 110 gold
                  | pieces
 15564 | D:9      | Found Vaevuamn's Magic Scroll Shoppe.
 15579 | D:9      | Found a staircase to the Orcish Mines.
 15979 | D:9      | Found Giri's Antique Weapon Shoppe.
 15982 | D:9      | Bought a runed flail for 149 gold pieces
 16003 | D:9      | Reached skill level 1 in Shields
 16137 | D:9      | Found a basalt altar of Yredelemnul.
 16307 | D:9      | Found a sparkling altar of Nemelex Xobeh.
 16532 | D:9      | Reached skill level 11 in Maces & Flails
 16918 | D:10     | Entered Level 10 of the Dungeon
 17442 | D:10     | Got a bloodstained trident
 17444 | D:10     | Found a runed translucent door.
 17446 | D:10     | Found the +6 shillelagh "Devastator" {shatter}
 17879 | D:9      | Reached XP level 11. HP: 71/71 MP: 11/11
 19300 | D:11     | Noticed a manticore
 19310 | D:11     | Killed a manticore
 19311 | D:11     | Reached skill level 2 in Shields
 19571 | D:11     | Noticed a boulder beetle
 19600 | D:11     | HP: 15/71 [acid (15)]
 19611 | D:11     | HP: 10/71 [acid (13)]
 19914 | Lair:1   | Entered Level 1 of the Lair of Beasts
 19914 | Lair:1   | Noticed a four-headed hydra
 19930 | D:8      | Killed a four-headed hydra
 19931 | D:8      | Reached skill level 5 in Armour
 20137 | D:8      | HP: 17/72 [komodo dragon (14)]
 20664 | D:8      | HP: 10/72 [komodo dragon (18)]
 20667 | D:8      | HP: 4/72 [komodo dragon (18)]
 20674 | D:8      | Slain by a komodo dragon

Table legend: (Time is in decaauts)
 A = Elapsed time spent in this place.
 B = Non-inter-level travel time spent in this place.
 C = Inter-level travel time spent in this place.
 D = Time resting spent in this place.
 E = Time spent auto-exploring this place.
 F = Levels seen in this place.
 G = Mean time per level.
                   A        B        C        D        E       F      G
               +--------+--------+--------+--------+--------+-----+--------+
         Total |  20764 |  19778 |    986 |   6119 |  10357 |  14 | 1483.1 |
       Dungeon |  19929 |  18952 |    977 |   5838 |   9993 |  11 | 1811.7 |
        Temple |    301 |    292 |      9 |      0 |    291 |   1 |  301.0 |
          Lair |    278 |    278 |      0 |    200 |     49 |   1 |  278.0 |
       Ossuary |    255 |    255 |      0 |     81 |     24 |   1 |  255.0 |
               +--------+--------+--------+--------+--------+-----+--------+

Top non-repeatable levels by time:
     D:9: 2462 daAuts
     D:7: 2302 daAuts
     D:4: 2130 daAuts
     D:6: 2120 daAuts
     D:5: 2050 daAuts
    D:10: 1911 daAuts
     D:8: 1870 daAuts
     D:2: 1578 daAuts
     D:1: 1523 daAuts
     D:3: 1329 daAuts
    D:11: 649 daAuts
  Temple: 301 daAuts
  Lair:1: 278 daAuts
 Ossuary: 255 daAuts

Table legend:
 A = Kills in this place as a percentage of kills in entire the game.
 B = Kills by you in this place as a percentage of kills by you in the entire game.
 C = Kills by friends in this place as a percentage of kills by friends in the entire game.
 D = Other kills in this place as a percentage of other kills in the entire game.
 E = Experience gained in this place as a percentage of experience gained in the entire game.
 F = Experience gained in this place divided by the number of levels of this place that you have seen.
                   A       B       C       D       E      F
               +-------+-------+-------+-------+-------+----------------------
         Total | 100.0 | 100.0 |   N/A |   N/A | 100.0 | 747.4
       Dungeon |  96.5 |  96.5 |   N/A |   N/A |  98.1 | 932.8
       Ossuary |   3.5 |   3.5 |   N/A |   N/A |   1.9 | 203.0
               +-------+-------+-------+-------+-------+----------------------

Action                   |  1- 3 |  4- 6 |  7- 9 | 10-12 || total
-------------------------+-------+-------+-------+-------++-------
Melee: Flail             |   127 |   180 |   419 |   405 ||  1131
       Morningstar       |       |       |       |    31 ||    31
Throw: Throwing net      |     5 |     2 |       |       ||     7
       Stone             |     2 |    45 |    37 |    50 ||   134
       Dart              |       |       |    73 |    38 ||   111
       Boomerang         |       |       |    17 |       ||    17
Invok: Potion Petition   |       |       |       |     2 ||     2
Evoke: Wand              |       |       |       |    19 ||    19
  Use: Potion            |       |     6 |     1 |     8 ||    15
       Scroll            |       |     9 |       |     8 ||    17
 Stab: Sleeping          |     8 |     5 |       |       ||    13
       Distracted        |       |       |       |     2 ||     2
       Invisible         |       |       |       |     1 ||     1
Armor: Leather armour    |    41 |    14 |       |       ||    55
       Skin              |       |    11 |     1 |       ||    12
       Chain mail        |       |    35 |   193 |       ||   228
       Plate armour      |       |       |    13 |   317 ||   330
Dodge: Dodged            |   150 |    80 |   182 |   132 ||   544
Block: Kite shield       |       |       |       |   120 ||   120

Vanquished Creatures
  A hydra (D:8)
  A manticore (D:11)
  3 gargoyles (D:8)
  A komodo dragon (D:8)
  A troll (D:9)
  Grinder (D:6)
  A shadow (D:9)
  A wyvern (D:8)
  An acid dragon (D:11)
  A water moccasin (D:9)
  3 orc warriors
  A sky beast (D:8)
  An ice beast (D:5)
  A black bear (D:8)
  3 phantoms
  6 centaurs
  4 ogres
  7 bullfrogs
  A gnoll sergeant (D:9)
  4 jellies
  2 scorpions
  A troll zombie (D:9)
  2 howler monkeys
  A centaur zombie (Ossuary)
  A bullfrog zombie (D:11)
  2 quasits
  6 orc priests
  2 centaur skeletons
  4 hounds
  2 bullfrog skeletons
  An iguana (D:7)
  10 orc wizards
  7 worker ants
  7 ogre zombies (D:9)
  4 big kobold zombies (Ossuary)
  2 hound zombies
  4 mummies
  A worker ant zombie (D:5)
  15 adders
  4 gnolls
  2 shadow imps
  4 white imps
  2 ufetubi
  An ooze (D:2)
  An adder zombie (D:9)
  An adder skeleton (D:4)
  3 dart slugs
  5 worms
  7 leopard geckos
  31 orcs
  8 bats
  3 giant cockroaches
  10 goblins
  A hobgoblin (D:1)
  16 jackals
  9 kobolds
  5 quokkas
  A ball python (D:2)
  A ball python skeleton (D:4)
  7 frilled lizards
  4 goblin skeletons (D:9)
  A goblin zombie (D:9)
  A hobgoblin skeleton (D:9)
  6 hobgoblin zombies
  A leopard gecko skeleton (D:6)
  A leopard gecko zombie (D:5)
  4 orc skeletons (D:9)
  11 orc zombies (D:9)
  13 rats
  A rat zombie (D:4)
  A spectral orc (D:9)
283 creatures vanquished.

Vanquished Creatures (others)
  A worker ant (D:11)
  A bat (D:2)
  A quokka (D:2)
  A fungus (Lair:1)
  7 plants
11 creatures vanquished.

Grand Total: 294 creatures vanquished You could see a komodo dragon.

Levels and vault maps discovered:
D:1:      dpeg_arrival_castle, layout_basic, minmay_fountain_box,
          corexii_item_surrounded_by_moat
D:2:      layout_rooms, elyvilon_altar_4, serial_forest,
          infiniplex_forest_clump_double, infiniplex_forest_straight_1,
          infiniplex_forest_lined_2, infiniplex_forest_3_way,
          infiniplex_forest_straight_3, infiniplex_forest_end_2,
          hangedman_decor_clover_reticule
D:3:      layout_basic, overflow_temple_1_default
D:4:      minmay_polygon_palace, layout_basic, grunt_temple_overflow_diamond,
          enter_ossuary_3
D:5:      layout_basic, grunt_temple_overflow_opulence,
          kennysheep_opposing_triangles
D:6:      layout_basic, old_standard_altar, overflow_temple_1_default,
          lemuel_doored_altar, basic_altar, uniq_crazy_yiuf_cottage,
          uniq_grinder
D:7:      layout_basic, lemuel_crystal_altar, minmay_temple_entry_wispy
D:8:      cheibrodos_statue_roulette, layout_cave_pools, lair_entry_dummy,
          serial_shops, shop, dk_vineyard_2, minmay_misc_feat_enclosed
D:9:      layout_rooms, yredelemnul_forgotten_temple_becter,
          dancing_weapons_uskayaw, zombieorc2_lemuel, serial_shops, shop, shop,
          nicolae_shop_behind_doors, shop, lemuel_centaur_altar
D:10:     gammafunk_indiana_jones, layout_irregular_city
D:11:     layout_irregular_city, serial_shops, shop,
          hangedman_abyss_or_decor_jellyfish_corner
Temple:   jpeg_temple_island
Lair:1:   layout_chaotic_city, beast_lair_carwin_4, uniq_grum
